 Dungeon Crawl Stone Soup version 0.27-a0-1137-g3ef0f4ec91 (webtiles) character file.

Game seed: 7097606482375985748

286 Zeld the Chucker (level 6, -10/63 HPs)
             Began as an Octopode Fighter on May 6, 2021.
             Was an Initiate of Okawaru.
             Mangled by an iguana (12 damage)
             ... on level 4 of the Dungeon.
             The game lasted 00:08:21 (4389 turns).

Zeld the Chucker (Octopode Fighter)                 Turns: 4389, Time: 00:08:22

Health: -10/63     AC:  1    Str: 18    XL:     6   Next: 30%
Magic:  6/6        EV: 11    Int: 10    God:    Okawaru [......]
Gold:   142        SH:  9    Dex: 11    Spells: 5/5 levels left

rFire    . . .     SeeInvis .   a - +0 war axe
rCold    . . .     Faith    .   b - +0 kite shield
rNeg     + . .     Spirit   .   (helmet restricted)
rPois    .         Reflect  .   (no amulet)
rElec    .         Harm     .   l - ring of positive energy
rCorr    .         Rampage  .   (no ring)
Will     .....                  (no ring)
Stlth    ..........             (no ring)
HPRegen  0.20/turn              (no ring)
MPRegen  0.10/turn              (no ring)
                                (no ring)
                                (no ring)

@: berserking, very quick
A: almost no armour, amphibious, 8 rings, camouflage 1, gelatinous body 1,
(nimble swimmer 1), tentacles
a: Renounce Religion


You were on level 4 of the Dungeon.
You worshipped Okawaru.
Okawaru was noncommittal.
You visited 1 branch of the dungeon, and saw 4 of its levels.

You collected 142 gold pieces.

Inventory:

Hand Weapons
 a - a +0 war axe (weapon)
Missiles
 g - 38 poisoned darts (quivered)
 k - 5 boomerangs
Armour
 b - a +0 kite shield (worn)
Jewellery
 l - a ring of positive energy (left tentacle)
 p - a ring of protection from cold
Wands
 i - a wand of digging (6)
Scrolls
 e - a scroll of identify {unknown}
 f - a scroll of brand weapon {unknown}
 j - a scroll of magic mapping {unknown}
Potions
 c - a potion of might
 d - a potion of attraction {unknown}
 h - a potion of cancellation {unknown}
 m - a potion of flight {unknown}
 n - 2 potions of curing {unknown}


   Skills:
 - Level 3.5 Fighting
 - Level 2.6 Axes
 * Level 5.0 Throwing
 - Level 3.0 Dodging
 - Level 3.4 Shields


You had 5 spell levels left.
You didn't know any spells.
Your spell library contained the following spells:

 Spells                   Type           Power      Damage    Failure   Level
 Foxfire                  Conj/Fire      0%         2x1d4     86%         1
 Conjure Flame            Conj/Fire      0%         6-21      99%         3
 Inner Flame              Hex/Fire       0%         N/A       99%         3
 Sticky Flame             Conj/Fire      0%         2d3       100%        4
 Fireball                 Conj/Fire      0%         3d3       100%        5


Dungeon Overview and Level Annotations

Branches:
Dungeon (4/15)
 Temple: D:4-7

Altars:
Okawaru
Trog


Innate Abilities, Weirdness & Mutations

You cannot wear most types of armour.
You are amphibious.
You can wear up to eight rings at the same time.
Your skin changes colour to match your surroundings (Stealth+).
Your rubbery body absorbs attacks. (AC +1, EV +1)
((You are camouflaged near water. (Stealth+)))
You have tentacles for arms and can constrict up to eight enemies at once.


Message History

The centaur skeleton closely misses you.
The centaur skeleton barely misses you. The scorpion barely misses you.
You slash the centaur skeleton!
You destroy the centaur skeleton!
Okawaru accepts your kill.
You hit the scorpion. The scorpion closely misses you. The scorpion misses you.
You have reached level 6!
Your experience leads to an increase in your attributes!
Increase (S)trength, (I)ntelligence, or (D)exterity?
You feel stronger.
You closely miss the scorpion. You grab the scorpion.
The scorpion is lightly wounded.
You constrict the scorpion, but do no damage.
The scorpion barely misses you.
Unknown command.
You hit the scorpion.
The scorpion is heavily wounded.
You constrict the scorpion. The scorpion barely misses you.
You block the scorpion's attack.
You slash the scorpion!
You kill the scorpion!
Okawaru accepts your kill.
You completely miss the iguana. The iguana closely misses you.
The iguana bites you!
Your Throwing skill increases to level 5!
Unknown command.
Unknown command.
You are too injured to fight recklessly!
You are too injured to fight recklessly!
You are too injured to fight recklessly!
Unknown command.
You slash the iguana! You grab the iguana.
The iguana is heavily wounded.
You constrict the iguana. The iguana bites you!
* * * LOW HITPOINT WARNING * * *
You release your grip on the iguana.
The iguana bites you.
* * * LOW HITPOINT WARNING * * *
A red film seems to cover your vision as you go berserk!
You feel yourself moving faster!
You feel mighty! The iguana bites you!
You die...

.#..#.$...#..........#
......†.#.##..........
..^#.#...÷..#....####.
# ##....##....# #
##.#....(.#..##
##..............
#(..........##.#
##.............#
#.@.............
#.#l$.......##..
...##.........# #
......))..?.......
.........##.........
......... #........
..##..... ...#..... ..
#..... #.##.....
#..... ## ...


You could see an iguana.

Vanquished Creatures
  A scorpion (D:4)
  A hound (D:3)
  A centaur skeleton (D:4)
  Jessica (D:2)
  2 gnolls
  4 adders
  7 dart slugs
  7 orcs
  5 endoplasms
  A giant cockroach (D:3)
  7 hobgoblins
  8 kobolds
  3 quokkas
  3 ball pythons
  8 bats
  2 frilled lizards
  9 goblins
  6 rats
76 creatures vanquished.

Notes
Turn   | Place    | Note
-------+----------+-------------------------------------------
     0 | D:1      | Zeld the Octopode Fighter began the quest for the Orb.
     0 | D:1      | Reached XP level 1. HP: 16/16 MP: 1/1
   481 | D:1      | Reached XP level 2. HP: 17/21 MP: 2/2
   750 | D:1      | Reached XP level 3. HP: 23/26 MP: 3/3
  1780 | D:2      | Reached skill level 1 in Throwing
  1836 | D:2      | Reached XP level 4. HP: 26/31 MP: 4/4
  1935 | D:2      | Noticed Jessica
  1938 | D:2      | Killed Jessica
  1939 | D:2      | Reached skill level 2 in Throwing
  2308 | D:2      | Found a faded altar of an unknown god.
  2886 | D:3      | Reached skill level 3 in Throwing
  3133 | D:3      | Reached XP level 5. HP: 22/36 MP: 5/5
  3847 | D:3      | Reached skill level 4 in Throwing
  3975 | D:3      | Found an iron altar of Okawaru.
  3975 | D:3      | Found a bloodstained altar of Trog.
  3990 | D:3      | Became a worshipper of Warmaster Okawaru
  4383 | D:4      | Reached XP level 6. HP: 29/42 MP: 6/6
  4386 | D:4      | Reached skill level 5 in Throwing
  4386 | D:4      | HP: 2/42 [iguana (15)]
  4389 | D:4      | Mangled by an iguana

Illustrated notes

Levels and vault maps discovered:
D:1:      shiori_arrival_oz, layout_loops_cross
D:2:      layout_basic, hellmonk_ecumenical_altar_heavens_door, uniq_jessica
D:3:      layout_basic, grunt_temple_overflow_bloody_war,
          hangedman_feature_mirror, grunt_ministairs_2, hangedman_decor_growths
D:4:      layout_cave_pools, kennysheep_ying_yang, serial_shops, shop_statue

Skill      XL: |  1  2  3  4  5  6 |
---------------+-------------------+-----
Throwing       | 1 3 4 5 |  5.0
Fighting       | |  3.5
Axes           | |  2.6
Dodging        | |  3.0
Shields        | |  3.4

Action                   |  1- 3 |  4- 6 || total
-------------------------+-------+-------++-------
Melee: War axe           |    62 |    88 ||   150
       Constrict         |    20 |    22 ||    42
       Tentacles         |    10 |    15 ||    25
Throw: Dart              |       |     2 ||     2
       Boomerang         |       |     1 ||     1
  Use: Potion            |       |     1 ||     1
 Stab: Sleeping          |     5 |     4 ||     9
Armor: Skin              |     8 |     7 ||    15
Dodge: Dodged            |    29 |    42 ||    71
Block: Kite shield       |    25 |    41 ||    66

Table legend: (Time is in decaauts)
 A = Elapsed time spent in this place.
 B = Non-inter-level travel time spent in this place.
 C = Inter-level travel time spent in this place.
 D = Time resting spent in this place.
 E = Time spent auto-exploring this place.
 F = Levels seen in this place.
 G = Mean time per level.
                   A        B        C        D        E       F      G
               +--------+--------+--------+--------+--------+-----+--------+
         Total |   4480 |   4386 |     94 |    117 |   3758 |   4 | 1120.0 |
       Dungeon |   4480 |   4386 |     94 |    117 |   3758 |   4 | 1120.0 |
               +--------+--------+--------+--------+--------+-----+--------+

Top non-repeatable levels by time:
     D:3: 1492 daAuts
     D:1: 1455 daAuts
     D:2: 1272 daAuts
     D:4: 260 daAuts
